 Dungeon Crawl Stone Soup version 0.27-a0-1219-g958d993ae5 (webtiles) character file.

Game seed: 10069961618462801606

59 tilp the Caller (level 4, -3/33 HPs)
             Began as a Barachi Summoner on June 6, 2021.
             Slain by a sky beast (5 damage)
             ... on level 3 of the Dungeon.
             The game lasted 00:03:50 (3323 turns).

tilp the Caller (Barachi Summoner)                  Turns: 3323, Time: 00:03:50

Health: -3/33      AC:  6    Str: 10    XL:     4   Next: 3%
Magic:  4/8        EV: 10    Int: 15    God:
Gold:   53         SH:  5    Dex: 13    Spells: 2/9 levels left

rFire    . . .     SeeInvis .   a - +0 dagger (vorpal)
rCold    . . .     Faith    .   (no shield)
rNeg     . . .     Spirit   .   e - +0 ring mail
rPois    .         Reflect  +   (no helmet)
rElec    .         Harm     .   (no cloak)
rCorr    .         Rampage  .   b - +0 pair of gloves
Will     .....                  (no boots)
Stlth    +.........             i - amulet of reflection
HPRegen  0.11/turn              (no ring)
MPRegen  0.11/turn              (no ring)

@: slow
A: amphibious, slowness 1, strong legs 1, +LOS
a: Hop


You were on level 3 of the Dungeon.
You visited 1 branch of the dungeon, and saw 3 of its levels.

You collected 53 gold pieces.

Inventory:

Hand Weapons
 a - a +0 vorpal dagger (weapon)
Armour
 b - a +0 pair of gloves (worn)
 e - a +0 ring mail (worn)
Jewellery
 i - an amulet of reflection (around neck)
Scrolls
 c - a scroll of fog
 k - a scroll of teleportation
Potions
 d - a potion of lignification
 f - a potion of haste
 g - a potion of curing {unknown}


   Skills:
 - Level 2.0 Fighting
 - Level 2.1 Dodging
 - Level 1.7 Stealth
 - Level 3.0 Spellcasting
 + Level 5.6 Summonings


You had 2 spell levels left.
You knew the following spells:

 Your Spells              Type           Power      Damage    Failure   Level
a - Summon Small Mammal   Summ           76%        N/A       4%          1
b - Call Imp              Summ           19%        N/A       8%          2
c - Call Canine Familiar  Summ           19%        N/A       16%         3
d - Corona                Hex            2%         N/A       45%         1

Your spell library contained the following spells:

 Spells                   Type           Power      Damage    Failure   Level
 Ensorcelled Hibernation  Hex/Ice        4%         N/A       61%         2
 Summon Guardian Golem    Hex/Summ       10%        N/A       43%         3
 Confusing Touch          Hex            2%         N/A       83%         3
 Dazzling Flash           Conj/Hex       4%         N/A       83%         3
 Tukima's Dance           Hex            2%         N/A       83%         3
 Summon Ice Beast         Ice/Summ       10%        N/A       85%         4
 Summon Lightning Spire   Summ/Air       10%        N/A       85%         4


Dungeon Overview and Level Annotations

Branches:
Dungeon (3/15)

Altars:
Fedhas
Okawaru

Annotations:
D:1 lava vault
D:3 Ijyb


Innate Abilities, Weirdness & Mutations

You are amphibious.
You cover ground slowly.
You can hop short distances.
You have an extended range of vision and can be seen from far away.


Message History

Okay, then.
Casting: Call Canine Familiar (quite dangerous; 16% risk of failure)
Confirm with . or Enter, or press ? or * to list all spells.
The spell is quite dangerous to cast (16% risk of failure)!
Continue anyway? [Y]es or [N]o only, please.
The spell is quite dangerous to cast (16% risk of failure)!
Continue anyway?
Unknown command.
You hit the sky beast.
The sky beast is moderately wounded.
The sky beast hits you but does no damage.
Your hound completely misses the sky beast.
You hit the sky beast.
The sky beast is moderately wounded.
Your hound misses the sky beast.
The sky beast hits you but does no damage.
Your hound misses the sky beast. You hit the sky beast.
The sky beast is moderately wounded.
The sky beast flickers out of sight!
Deactivating autopickup; reactivate with Ctrl-A.
Something hits you. Something shocks you.
Your hound bites something.
You hit something but do no damage. Your hound misses something.
Something hits you. Something shocks you.
The kobold throws a stone.
The stone misses you.
Your hound bites something.
You miss something. Something hits you. Something shocks you.
* * * LOW HITPOINT WARNING * * *
Your hound bites something.
You hit something but do no damage.
Your hound completely misses something.
Something hits you.
* * * LOW HITPOINT WARNING * * *
Something shocks you.
* * * LOW HITPOINT WARNING * * *
Your hound barely misses something.
You hit something. You block something's attack.
Your hound barely misses something.
Unknown command.
You swap places.
Your hound bites something.
Something hits you.
* * * LOW HITPOINT WARNING * * *
Something shocks you.
You die...

.≈.≈# ≈.≈ #'# #.#
## #(# .. #(# # #K#
#{########
#h@......##########
########...........
############


You could see a kobold and a friendly hound (summoned).

Vanquished Creatures
  Natasha (D:3)
  An endoplasm (D:1)
  A jackal (D:1)
  4 ball pythons
  A bat (D:2)
  A frilled lizard (D:1)
  2 rats
11 creatures vanquished.

Vanquished Creatures (collateral kills)
  A gnoll (D:3)
  An adder (D:2)
  2 worms (D:2)
  5 endoplasms
  3 hobgoblins (D:2)
  3 jackals (D:1)
  3 kobolds
  2 quokkas
  3 bats
  A frilled lizard (D:1)
  3 goblins
  4 rats (D:1)
31 creatures vanquished.

Vanquished Creatures (others)
  6 plants (D:2)
6 creatures vanquished.

Grand Total: 48 creatures vanquished

Notes
Turn   | Place    | Note
-------+----------+-------------------------------------------
     0 | D:1      | tilp the Barachi Summoner began the quest for the Orb.
     0 | D:1      | Reached XP level 1. HP: 13/13 MP: 3/3
   264 | D:1      | Reached skill level 1 in Fighting
   633 | D:1      | Reached XP level 2. HP: 21/22 MP: 0/5
  1438 | D:1      | Learned a level 2 spell: Call Imp
  1538 | D:2      | Reached skill level 5 in Summonings
  2060 | D:2      | Reached XP level 3. HP: 24/27 MP: 2/6
  2139 | D:2      | Found a blossoming altar of Fedhas.
  2595 | D:2      | Found a faded altar of an unknown god.
  2665 | D:3      | Noticed Ijyb
  2698 | D:2      | Learned a level 3 spell: Call Canine Familiar
  2726 | D:2      | Learned a level 1 spell: Corona
  3055 | D:3      | Noticed Natasha
  3069 | D:3      | Killed Natasha
  3284 | D:3      | Found an iron altar of Okawaru.
  3284 | D:3      | Noticed a sky beast
  3304 | D:3      | Reached XP level 4. HP: 33/33 MP: 5/8
  3323 | D:3      | Slain by a sky beast

Illustrated notes

Levels and vault maps discovered:
D:1:      lemuel_arrival_lava_pool, layout_basic, minmay_door_square
D:2:      layout_rooms, basic_altar, shapermc_ecumenical_altar_hornbeckon
D:3:      layout_loops_ring, okawaru_altar_gauntlet_db,
          nicolae_overflow_crystal_walls, uniq_natasha, uniq_ijyb

Skill      XL: |  1  2  3 |
---------------+----------+-----
Fighting       | 1 2 |  2.0
Summonings     | 5 |  5.6
Spellcasting   | 3 |  3.0
Dodging        | |  2.1
Stealth        | |  1.7

Action                   |  1- 3 |  4- 6 || total
-------------------------+-------+-------++-------
Melee: Unarmed           |    26 |       ||    26
       Dagger            |    67 |     7 ||    74
 Cast: Summon Small Mamm |    53 |       ||    53
       Call Imp          |    19 |       ||    19
       Call Canine Famil |     1 |     1 ||     2
 Abil: Hop               |     2 |       ||     2
  Use: Scroll            |     7 |       ||     7
 Stab: Sleeping          |     4 |       ||     4
Armor: Robe              |    28 |       ||    28
       Ring mail         |     1 |     2 ||     3
Dodge: Dodged            |    79 |     2 ||    81
Block: Other             |     3 |     1 ||     4
       Reflection        |     1 |       ||     1

Table legend: (Time is in decaauts)
 A = Elapsed time spent in this place.
 B = Non-inter-level travel time spent in this place.
 C = Inter-level travel time spent in this place.
 D = Time resting spent in this place.
 E = Time spent auto-exploring this place.
 F = Levels seen in this place.
 G = Mean time per level.
                   A        B        C        D        E       F      G
               +--------+--------+--------+--------+--------+-----+--------+
         Total |   3586 |   3482 |    104 |    461 |   2516 |   3 | 1195.3 |
       Dungeon |   3586 |   3482 |    104 |    461 |   2516 |   3 | 1195.3 |
               +--------+--------+--------+--------+--------+-----+--------+

Top non-repeatable levels by time:
     D:1: 1638 daAuts
     D:2: 1444 daAuts
     D:3: 502 daAuts
